 Dungeon Crawl Stone Soup version 0.30-a0-457-g4b7bca3bfa (webtiles) character file.

Game seed: 6885749931765053496

184 McMuffin the Slasher (level 5, 0/41 HPs)
             Began as a Demonspawn Fighter on Dec 13, 2022.
             Slain by an orc
             ... wielding a +0 club
              (4 damage)
             ... on level 4 of the Dungeon.
             The game lasted 00:07:31 (2663 turns).

McMuffin the Slasher (Demonspawn Fighter)           Turns: 2663, Time: 00:07:31

Health: 0/41       AC:  9    Str: 16    XL:     5   Next: 36%
Magic:  5/5        EV:  9    Int: 10    God:
Gold:   161        SH:  5    Dex: 14    Spells: 2/4 levels left

rFire   + . .      SeeInvis .    a - +0 long sword
rCold   . . .      Faith    .    c - +0 buckler
rNeg    . . .      Spirit   .    b - +0 scale mail
rPois   .          Reflect  .    j - +1 hat
rElec   .          Harm     .    (no cloak)
rCorr   .          Rampage  .    r - +0 pair of gloves
Will    .....                    (no boots)
Stlth   ..........               (no amulet)
HPRegen 0.26/turn                h - ring of protection from fire
MPRegen 0.09/turn                s - +4 ring of slaying

@: no status effects
A: weakness stinger 1
a: no special abilities


You were on level 4 of the Dungeon.
You visited 1 branch of the dungeon, and saw 4 of its levels.

You collected 161 gold pieces.

Inventory:

Hand Weapons
 a - a +0 long sword (weapon)
Armour
 b - a +0 scale mail (worn)
 c - a +0 buckler (worn)
 j - a +1 hat (worn)
 r - a +0 pair of gloves (worn)
 t - a +0 chain mail
Jewellery
 h - a ring of protection from fire (left hand)
 s - a +4 ring of slaying (right hand)
Wands
 p - a wand of acid (13)
Scrolls
 e - a scroll of identify {unknown}
 g - 2 scrolls of teleportation {unknown}
 k - a scroll of acquirement {unknown}
 m - a scroll of silence {unknown}
 o - a scroll of fog {unknown}
 q - a scroll of noise {unknown}
Potions
 d - a potion of might
 f - 3 potions of curing {unknown}
 i - a potion of brilliance {unknown}
 l - 2 potions of haste {unknown}
 n - a potion of magic {unknown}


   Skills:
 + Level 3.4 Fighting
 + Level 3.5 Long Blades
 + Level 3.2 Armour
 + Level 1.6 Dodging
 + Level 3.1 Shields
 + Level 0.3 Spellcasting
 + Level 0.2 Transmutations


You had 2 spell levels left.
You knew the following spells:

 Your Spells              Type           Power      Damage    Failure   Level
a - Wereblood             Tmut           0%         N/A       94%         2

Your spell library contained the following spells:

 Spells                   Type           Power      Damage    Failure   Level
 Beastly Appendage        Tmut           0%         N/A       85%         1
 Sting                    Tmut/Pois      0%         1d3       86%         1
 Poisonous Vapours        Pois/Air       0%         N/A       95%         2
 Gell's Gravitas          Tloc           0%         N/A       99%         3
 Ignite Poison            Fire/Tmut/Pois 0%         N/A       99%         3
 Spider Form              Tmut/Pois      0%         N/A       99%         3
 Teleport Other           Tloc           0%         N/A       99%         3
 Olgreb's Toxic Radiance  Pois           0%         N/A       100%        4
 Sticky Flame             Conj/Fire      0%         2d3       100%        4
 Dispersal                Tloc           0%         N/A       100%        6
 Ignition                 Fire           0%         3d3       100%        8


Dungeon Overview and Level Annotations

Branches:
Dungeon (4/15)
 Temple: D:4-7

Altars:
Ru

Shops:
D:1 :


Innate Abilities, Weirdness & Mutations

You have a small tail.


Message History

The orc shouts!
You hear a shout!
An orc priest comes into view. It is wielding a +0 whip.
An orc comes into view. It is wielding a +0 trident.
A quokka comes into view.
There is an open door here.
You slash the orc!
You kill the orc!
An orc comes into view. It is wielding a +0 hand axe.
The orc hits you but does no damage.
The orc priest invokes the aid of Beogh against you.
Beogh smites you!
An orc comes into view. It is wielding a +0 flail.
You slash the orc!
You kill the orc!
The orc hits you but does no damage.
You slash the orc!
You kill the orc!
The orc hits you but does no damage.
You closely miss the orc priest. The orc priest barely misses you.
The orc barely misses you.
You slash the orc priest!
The orc priest is heavily wounded.
The orc barely misses you. You block the orc priest's attack.
The orc hits you but does no damage. The orc hits you with a +0 flail!
The orc hits you but does no damage. The orc priest hits you with a +0 whip.
You hit the orc priest. You tail-slap the orc priest!
You kill the orc priest!
You block the orc's attack. The orc hits you with a +0 flail.
The orc closely misses you.
You slash the quokka!
You kill the quokka!
The orc hits you from afar with a +0 trident.
The orc closely misses you. The orc hits you with a +0 club.
* * * LOW HITPOINT WARNING * * *
You slash the orc!
You kill the orc!
The orc hits you with a +0 flail!
* * * LOW HITPOINT WARNING * * *
The orc hits you but does no damage. The orc hits you with a +0 club.
You die...

#### #... #..###...#
#..) #..#.....# #...
#..#.....# #...
#..#.....# #... #..+
....+ #... ..######'##
#...# #...
>.....o#..###...# #...
......)@....'...#####...
......o#....#...#......#
......o###.###..#......#
##..... ### #..#......#
#..... #..'......#
#..... #..#......#
#..... #..#......#
.....# .##..##'#####
.............


You could see 3 orcs.

Vanquished Creatures
  An orc priest (D:4)
  5 adders
  2 worms (D:2)
  5 dart slugs
  8 orcs
  8 endoplasms
  3 giant cockroaches
  8 hobgoblins
  10 kobolds
  4 quokkas
  9 ball pythons
  5 bats
  4 frilled lizards (D:2)
  7 goblins
  7 rats
86 creatures vanquished.

Vanquished Creatures (others)
  2 plants (D:4)
2 creatures vanquished.

Grand Total: 88 creatures vanquished

Notes
Turn   | Place    | Note
-------+----------+-------------------------------------------
     0 | D:1      | McMuffin the Demonspawn Fighter began the quest for the
                  | Orb.
     0 | D:1      | Reached XP level 1. HP: 18/18 MP: 1/1
   376 | D:1      | Gained mutation: You have a small tail. [demonic ancestry]
   376 | D:1      | Reached XP level 2. HP: 22/24 MP: 2/2
   470 | D:1      | Found Iptibriu's Book Shop.
   783 | D:1      | Found a faded altar of an unknown god.
   967 | D:2      | Reached XP level 3. HP: 29/29 MP: 3/3
  1073 | D:2      | Reached skill level 1 in Dodging
  1185 | D:2      | Reached XP level 4. HP: 30/35 MP: 4/4
  1833 | D:3      | Found a sacrificial altar of Ru.
  1973 | D:3      | Learned a level 2 spell: Wereblood
  2241 | D:3      | Reached XP level 5. HP: 41/41 MP: 5/5
  2663 | D:4      | Slain by an orc

Illustrated notes

Levels and vault maps discovered:
D:1:      dpeg_arrival_houses_and_road, layout_loops_corners,
          shapermc_ecumenical_altar_pompeii, serial_shops, nicolae_shop_trees,
          minmay_bisected
D:2:      layout_basic, st_stairs_10, grunt_ministairs_14,
          chequers_serial_rivers_small_3, minmay_tiny_reverse_x
D:3:      layout_basic, lemuel_crystal_altar, nrook_loot_triangle
D:4:      layout_gridville, mainiacjoe_overflow_boulevard

Skill      XL: |  1  2  3  4 |
---------------+-------------+-----
Long Blades    | 2 3 |  3.5
Shields        | 3 |  3.1
Armour         | 3 |  3.2
Dodging        | 1 |  1.6
Fighting       | |  3.4
Spellcasting   | |  0.3
Transmutations | |  0.2

Action                   |  1- 3 |  4- 6 || total
-------------------------+-------+-------++-------
Melee: Long sword        |   122 |   116 ||   238
       Tailslap          |     7 |     9 ||    16
Armor: Scale mail        |    59 |    56 ||   115
Dodge: Dodged            |    72 |    36 ||   108
Block: Buckler           |    43 |    27 ||    70

Table legend: (Time is in decaauts)
 A = Elapsed time spent in this place.
 B = Non-inter-level travel time spent in this place.
 C = Inter-level travel time spent in this place.
 D = Time resting spent in this place.
 E = Time spent auto-exploring this place.
 F = Levels seen in this place.
 G = Mean time per level.
                   A        B        C        D        E       F      G
               +--------+--------+--------+--------+--------+-----+--------+
         Total |   2737 |   2653 |     84 |      0 |   1966 |   4 |  684.2 |
       Dungeon |   2737 |   2653 |     84 |      0 |   1966 |   4 |  684.2 |
               +--------+--------+--------+--------+--------+-----+--------+

Top non-repeatable levels by time:
     D:1: 989 daAuts
     D:2: 864 daAuts
     D:3: 779 daAuts
     D:4: 103 daAuts
